 Dungeon Crawl Stone Soup version 0.21-a0-225-g207ae17 (webtiles) character file.

66 Goblin1989 the Skirmisher (level 3, 0/48 HPs)
             Began as a Demonspawn Monk on Aug 28, 2017.
             Succumbed to an adder's poison
             ... on level 2 of the Dungeon.
             The game lasted 00:02:40 (1764 turns).

Goblin1989 the Skirmisher (Demonspawn Monk)         Turns: 1764, Time: 00:02:40

Health: 0/48       AC: 21    Str: 12    XL:     3   Next: 96%
Magic:  3/3        EV:  2    Int: 11    God:
Gold:   33         SH:  0    Dex: 15    Spells: 2/2 levels left

rFire    . . .     SeeInvis .   a - +0 mace
rCold    . . .     Gourm    .   (no shield)
rNeg     + + +     Faith    .   (armour currently unavailable)
rPois    +         Spirit   .   (helmet currently unavailable)
rElec    .         Reflect  .   (cloak currently unavailable)
rCorr    .         Harm     .   (gloves currently unavailable)
MR       .....     NoTele   +   (boots currently unavailable)
Stlth    +++.......             (no amulet)
HPRegen  0.16/turn              (no ring)
MPRegen  0.08/turn              (no ring)

@: lethally poisoned (0 -> 0), tree-form
A: nightstalker 1
a: no special abilities


You were on level 2 of the Dungeon.
You were not hungry.
You were a tree.
You visited 1 branch of the dungeon, and saw 2 of its levels.

You collected 33 gold pieces.

Inventory:

Hand Weapons
 a - a +0 mace (weapon)
Missiles
 h - 15 bolts
Armour
 b - a +0 robe (melded)
 k - a +0 ring mail
Comestibles
 e - a bread ration {@e1}
 n - 2 chunks of flesh


   Skills:
 + Level 4.9 Fighting
 - Level 2.6 Maces & Flails
 - Level 2.6 Dodging
 - Level 1.7 Stealth


You had 2 spell levels left.
You didn't know any spells.

Dungeon Overview and Level Annotations

Branches:
Dungeon (2/15)

Altars:


Innate Abilities, Weirdness & Mutations

You are slightly more attuned to the shadows.


Message History

You take 4 damage, and have 15/31 hp.
You are too injured to fight recklessly!
You are too injured to fight recklessly!
You are too injured to fight recklessly!
You are too injured to fight recklessly!
You are too injured to fight recklessly!
You are too injured to fight recklessly!
You are too injured to fight recklessly!
You are too injured to fight recklessly!
You are too injured to fight recklessly!
You are too injured to fight recklessly!
You are too injured to fight recklessly!
You are too injured to fight recklessly!
You are too injured to fight recklessly!
You are too injured to fight recklessly!
You are too injured to fight recklessly!
You are too injured to fight recklessly!
You are too injured to fight recklessly!
You are too injured to fight recklessly!
You are too injured to fight recklessly!
You are too injured to fight recklessly!
You are too injured to fight recklessly!
You are too injured to fight recklessly!
You are too injured to fight recklessly!
You are too injured to fight recklessly!
You are too injured to fight recklessly!
You are too injured to fight recklessly!
You are too injured to fight recklessly!
You are too injured to fight recklessly!
You are too injured to fight recklessly!
You thump the adder!
The adder is almost dead.
The adder bites you.
* * * LOW HITPOINT WARNING * * *
You take 2 damage, and have 13/31 hp.
You barely miss the adder.
The adder is almost dead.
You feel sick. The adder barely misses you. The adder bites you.
* * * LOW HITPOINT WARNING * * *
You take 5 damage, and have 8/31 hp.
You closely miss the adder.
The adder is almost dead.
You feel sick. The adder barely misses you. The adder closely misses you.
You take 1 damage, and have 7/31 hp.
You barely miss the adder.
The adder is almost dead.
The adder bites you.
* * * LOW HITPOINT WARNING * * *
You take 1 damage, and have 6/31 hp.
You miss the adder.
The adder is almost dead.
You feel sick. The adder barely misses you. The adder bites you.
* * * LOW HITPOINT WARNING * * *
You are lethally poisoned!
The adder poisons you!
You take 2 damage, and have 4/31 hp.
You miss the adder.
The adder is almost dead.
* * * LOW HITPOINT WARNING * * *
You feel sick. The adder misses you. The adder completely misses you.
You take 1 damage, and have 3/31 hp.
You hit the adder.
You kill the adder!
Unknown command.
Unknown command.
It was a potion of lignification.
You turn into a tree.
Your +0 robe melds into your body.
Your roots penetrate the ground.
* * * LOW HITPOINT WARNING * * *
You feel sick.
You now have 5/48 hp.
Unknown command.
As you read the scroll labeled CAINLA WOFUGGI, it crumbles to dust.
It is a scroll of recharging.
You aren't carrying any rechargeable items.
* * * LOW HITPOINT WARNING * * *
You feel sick.
You take 1 damage, and have 4/48 hp.
As you read the scroll labeled NUEFUPRA BEWOC, it crumbles to dust.
It is a scroll of identify.
k - a +0 ring mail Unknown command.
* * * LOW HITPOINT WARNING * * *
You feel sick.
You take 1 damage, and have 3/48 hp.
* * * LOW HITPOINT WARNING * * *
You feel sick.
You take 1 damage, and have 3/48 hp.
* * * LOW HITPOINT WARNING * * *
You feel sick.
You take 1 damage, and have 2/48 hp.
* * * LOW HITPOINT WARNING * * *
You feel sick.
* * * LOW HITPOINT WARNING * * *
You feel sick.
You take 1 damage, and have 1/48 hp.
Unknown command.
* * * LOW HITPOINT WARNING * * *
You feel sick.
You take 1 damage, and have 1/48 hp.
You die...

█....██............█
████...█.<........█
█...█............█
██.████...........███ █
...██████...)..)....█..
.......).).............
.████████..............
.█ █.............. ██
█.......♣...... █
█.......†...... █
█.............. █
██............. █
██.........█.. █


█████████████ █ There were no monsters in sight!

Vanquished Creatures
  2 adders (D:2)
  An ooze (D:1)
  2 worms (D:2)
  3 dart slugs
  A leopard gecko (D:1)
  2 bats (D:1)
  A giant cockroach (D:2)
  6 goblins
  5 hobgoblins
  5 kobolds
  3 frilled lizards (D:1)
  A rat (D:1)
32 creatures vanquished.

Notes
Turn   | Place    | Note
-------+----------+-------------------------------------------
     0 | D:1      | Goblin1989 the Demonspawn Monk began the quest for the Orb.
     0 | D:1      | Reached XP level 1. HP: 18/18 MP: 1/1
   138 | D:1      | Gained mutation: You are slightly more attuned to the shadows. [demonic ancestry]
   138 | D:1      | Reached XP level 2. HP: 19/24 MP: 2/2
   700 | D:1      | Reached skill level 4 in Fighting
  1095 | D:1      | Reached XP level 3. HP: 25/30 MP: 3/3
  1749 | D:2      | HP: 2/48 [poisoned by an adder]
  1756 | D:2      | HP: 1/48 [poisoned by an adder]
  1764 | D:2      | Succumbed to an adder's poison

Vault maps used:
D:1:      lightli_arrival_chessboard, minmay_statues_item

Skill      XL: |  1  2 |
---------------+-------+-----
Fighting       | 4 |  4.9
Maces & Flails | |  2.6
Dodging        | |  2.6
Stealth        | |  1.7

Action                   || total
-------------------------++-------
Melee: Mace              ||   119
  Use: Scroll            ||     2
       Potion            ||     1
 Stab: Sleeping          ||    10
  Eat: Chunk             ||     3
Armor: Robe              ||     9
Dodge: Dodged            ||    75

Table legend:
 A = Spawn XP
 B = Non-spawn XP
 C = Spawn XP percentage of total XP
 D = Spawn monster count
 E = Non-spawn monster count
 F = Spawn count percentage of total count
 G = Total turns spent on level
                    A         B        C        D         E        F      G
               +---------+---------+-------+---------+---------+-------+---------
         Total |       6 |      89 |   6.3 |       3 |      29 |   9.4 |  1764
               +---------+---------+-------+---------+---------+-------+---------
           D:1 |       2 |      39 |   4.9 |       1 |      17 |   5.6 |  1214
           D:2 |       4 |      50 |   7.4 |       2 |      12 |  14.3 |   550
               +---------+---------+-------+---------+---------+-------+---------

Vault maps used:
D:1:      lightli_arrival_chessboard, minmay_statues_item
